[ AOE2 MATCH · #464931307 ]
1v1 RMBurgundians vs Bohemians
Player's team · LOSS
[ REPLAY ANALYSIS · EXTRACTED FROM THE RECORDED GAME ]
Feudal
12:00
Castle
27:02
Imperial
—
| APM avg | 19.1 |
| APM peak | 54 |
| eAPM avg | 12.9 |
| Villagers / military | 58 / 19 |
Focus
⚔️ 11.6% · 🌾 88.4%
Knight ×14 · Spearman ×5
Feudal
9:45
Castle
26:51
Imperial
—
| APM avg | 15.6 |
| APM peak | 57 |
| eAPM avg | 9.7 |
| Villagers / military | 50 / 63 |
Focus
⚔️ 31.0% · 🌾 69.0%
Archer ×21 · Knight ×19 · Spearman ×9 · Scout Cavalry ×8 · Hussite Wagon ×6
Match map
Resources at game start + every placement click. Thick line = wall · dashed box = detected house wall. 🟡 gold · ⚪ stone · 🟢 berries · 🔶 boar · ⭕ relic
Inputs per minute
— Jez - - uwaga_boreczek
Build order — Jez
130 actions detected in the replay
| 0:07 | Create | Villager (Male) |
| 0:08 | Create | Villager (Male) |
| 0:08 | Create | Villager (Male) |
| 0:08 | Create | Villager (Male) |
| 0:08 | Create | Villager (Male) |
| 0:08 | Create | Villager (Male) |
| 0:12 | Build | House |
| 0:17 | Build | House |
| 1:53 | Create | Villager (Male) |
| 1:54 | Create | Villager (Male) |
| 2:44 | Create | Villager (Male) |
| 2:45 | Create | Villager (Male) |
| 2:45 | Create | Villager (Male) |
| 3:17 | Create | Villager (Male) |
| 3:50 | Create | Villager (Male) |
| 3:50 | Create | Villager (Male) |
| 3:50 | Create | Villager (Male) |
| 3:56 | Create | Villager (Male) |
| 4:05 | Build | House |
| 4:25 | Create | Villager (Male) |
| 4:25 | Create | Villager (Male) |
| 4:25 | Create | Villager (Male) |
| 4:44 | Build | Lumber Camp |
| 7:03 | Build | Mill |
| 7:19 | Create | Villager (Male) |
| 7:19 | Create | Villager (Male) |
| 7:49 | Build | House |
| 9:50 | Research | Feudal Age |
| 9:52 | Research | Wheelbarrow |
| 10:10 | Research | Double-Bit Axe |
| 12:00 | Age | Feudal Age |
| 12:09 | Research | Bow Saw |
| 12:56 | Create | Villager (Male) |
| 12:57 | Create | Villager (Male) |
| 12:57 | Create | Villager (Male) |
| 12:57 | Create | Villager (Male) |
| 12:57 | Create | Villager (Male) |
| 12:58 | Create | Villager (Male) |
| 12:58 | Create | Villager (Male) |
| 12:58 | Create | Villager (Male) |
| 13:41 | Build | Farm |
| 13:42 | Build | Farm |
| 13:43 | Build | Farm |
| 13:45 | Build | Farm |
| 13:46 | Build | Farm |
| 13:48 | Build | Farm |
| 13:49 | Build | Farm |
| 13:50 | Build | Farm |
| 13:51 | Build | Farm |
| 13:53 | Build | Farm |
| 14:35 | Build | Farm |
| 14:41 | Build | Farm |
| 14:45 | Build | Farm |
| 14:49 | Build | Farm |
| 15:00 | Build | Farm |
| 15:14 | Research | Horse Collar |
| 15:29 | Build | Mining Camp |
| 15:50 | Build | House |
| 15:53 | Build | House |
| 15:57 | Build | Barracks |
| 16:21 | Research | Gold Mining |
| 16:58 | Build | House |
| 17:33 | Research | Hand Cart |
| 17:50 | Create | Villager (Male) |
| 17:51 | Create | Villager (Male) |
| 17:51 | Create | Villager (Male) |
| 17:51 | Create | Villager (Male) |
| 17:51 | Create | Villager (Male) |
| 17:52 | Create | Villager (Male) |
| 17:52 | Create | Villager (Male) |
| 17:52 | Create | Villager (Male) |
| 17:52 | Create | Villager (Male) |
| 17:53 | Create | Villager (Male) |
| 17:53 | Create | Villager (Male) |
| 17:53 | Create | Villager (Male) |
| 17:53 | Create | Villager (Male) |
| 17:53 | Create | Villager (Male) |
| 17:54 | Create | Villager (Male) |
| 19:00 | Build | Archery Range |
| 19:37 | Research | Heavy Plow |
| 20:15 | Build | Stable |
| 20:33 | Build | Lumber Camp |
| 21:42 | Create | Spearman |
| 21:43 | Create | Spearman |
| 21:43 | Create | Spearman |
| 21:43 | Create | Spearman |
| 21:45 | Create | Spearman |
| 22:05 | Research | Castle Age |
| 22:21 | Build | Mining Camp |
| 24:55 | Build | Stable |
| 25:00 | Build | House |
| 25:03 | Build | House |
| 26:52 | Build | Farm |
| 27:02 | Age | Castle Age |
| 27:05 | Create | Knight |
| 27:05 | Create | Knight |
| 27:05 | Create | Knight |
| 27:06 | Create | Knight |
| 27:18 | Research | Crop Rotation |
| 27:22 | Research | Two-Man Saw |
| 27:30 | Research | Gold Shaft Mining |
| 28:13 | Create | Knight |
| 28:13 | Create | Knight |
| 28:14 | Create | Knight |
| 28:14 | Create | Knight |
| 28:14 | Create | Knight |
| 28:27 | Create | Knight |
| 28:28 | Create | Knight |
| 28:28 | Create | Knight |
| 28:35 | Create | Knight |
| 28:35 | Create | Knight |
| 28:56 | Create | Villager (Male) |
| 28:56 | Create | Villager (Male) |
| 28:57 | Create | Villager (Male) |
| 28:57 | Create | Villager (Male) |
| 28:57 | Create | Villager (Male) |
| 28:57 | Create | Villager (Male) |
| 28:57 | Create | Villager (Male) |
| 28:58 | Create | Villager (Male) |
| 28:58 | Create | Villager (Male) |
| 28:58 | Create | Villager (Male) |
| 28:58 | Create | Villager (Male) |
| 28:58 | Create | Villager (Male) |
| 28:59 | Create | Villager (Male) |
| 28:59 | Create | Villager (Male) |
| 29:05 | Build | Farm |
| 29:23 | Build | Lumber Camp |
| 30:14 | Build | Farm |
| 31:31 | Build | House |
| 31:33 | Build | House |
Build order — uwaga_boreczek
First 150 of 184 actions detected
| 0:11 | Build | House |
| 0:20 | Create | Villager (Male) |
| 0:20 | Create | Villager (Male) |
| 0:21 | Create | Villager (Male) |
| 0:21 | Create | Villager (Male) |
| 0:21 | Create | Villager (Male) |
| 0:21 | Research | Loom |
| 2:33 | Create | Villager (Male) |
| 2:33 | Create | Villager (Male) |
| 2:41 | Build | House |
| 2:42 | Build | House |
| 2:44 | Build | House |
| 2:58 | Build | House |
| 3:04 | Build | House |
| 3:16 | Create | Villager (Male) |
| 3:16 | Create | Villager (Male) |
| 3:30 | Create | Villager (Male) |
| 3:38 | Build | Mill |
| 4:07 | Create | Villager (Male) |
| 4:08 | Create | Villager (Male) |
| 5:28 | Create | Villager (Male) |
| 5:28 | Create | Villager (Male) |
| 5:29 | Create | Villager (Male) |
| 6:28 | Build | Lumber Camp |
| 6:35 | Create | Villager (Male) |
| 6:36 | Create | Villager (Male) |
| 6:36 | Create | Villager (Male) |
| 7:14 | Build | House |
| 7:35 | Research | Feudal Age |
| 7:51 | Build | House |
| 8:11 | Create | Villager (Male) |
| 8:19 | Build | Mining Camp |
| 9:38 | Create | Villager (Male) |
| 9:38 | Create | Villager (Male) |
| 9:39 | Create | Villager (Male) |
| 9:45 | Age | Feudal Age |
| 9:56 | Build | Mill |
| 10:17 | Build | Barracks |
| 10:45 | Research | Horse Collar |
| 11:02 | Create | Villager (Male) |
| 11:02 | Create | Villager (Male) |
| 11:03 | Create | Villager (Male) |
| 11:36 | Build | Market |
| 12:08 | Build | Farm |
| 12:29 | Build | Farm |
| 12:54 | Create | Villager (Male) |
| 12:55 | Create | Villager (Male) |
| 12:55 | Create | Villager (Male) |
| 13:00 | Build | Farm |
| 13:00 | Build | Farm |
| 13:06 | Research | Double-Bit Axe |
| 13:30 | Create | Spearman |
| 13:32 | Create | Spearman |
| 13:57 | Build | House |
| 13:58 | Build | House |
| 14:00 | Build | House |
| 14:33 | Create | Villager (Male) |
| 14:34 | Create | Villager (Male) |
| 14:35 | Create | Villager (Male) |
| 15:07 | Create | Spearman |
| 15:08 | Create | Spearman |
| 15:15 | Build | Farm |
| 15:20 | Create | Villager (Male) |
| 15:20 | Create | Villager (Male) |
| 15:38 | Build | Stable |
| 15:40 | Build | Stable |
| 16:14 | Build | Farm |
| 16:15 | Build | Farm |
| 16:16 | Build | Farm |
| 16:17 | Build | Farm |
| 16:41 | Build | Blacksmith |
| 16:44 | Build | House |
| 17:10 | Create | Scout Cavalry |
| 17:10 | Create | Scout Cavalry |
| 17:10 | Create | Scout Cavalry |
| 17:11 | Create | Scout Cavalry |
| 17:11 | Create | Scout Cavalry |
| 17:11 | Create | Scout Cavalry |
| 17:48 | Build | Farm |
| 17:56 | Build | Farm |
| 18:01 | Create | Villager (Male) |
| 18:02 | Create | Villager (Male) |
| 18:03 | Create | Villager (Male) |
| 18:20 | Create | Scout Cavalry |
| 18:20 | Create | Scout Cavalry |
| 18:51 | Research | Forging |
| 19:01 | Create | Villager (Male) |
| 19:02 | Create | Villager (Male) |
| 19:14 | Build | Farm |
| 19:41 | Build | Archery Range |
| 19:42 | Build | Archery Range |
| 19:58 | Build | Farm |
| 19:59 | Build | Farm |
| 20:00 | Build | Farm |
| 20:01 | Build | Farm |
| 20:18 | Research | Scale Barding Armor |
| 20:55 | Build | Stable |
| 21:26 | Build | Mining Camp |
| 21:28 | Create | Villager (Male) |
| 21:28 | Create | Villager (Male) |
| 21:29 | Create | Villager (Male) |
| 21:29 | Create | Villager (Male) |
| 21:38 | Build | House |
| 21:39 | Build | House |
| 21:51 | Build | House |
| 21:52 | Build | House |
| 21:52 | Build | House |
| 24:06 | Create | Archer |
| 24:06 | Create | Archer |
| 24:07 | Create | Archer |
| 24:07 | Create | Archer |
| 24:07 | Create | Archer |
| 24:07 | Create | Archer |
| 24:08 | Create | Archer |
| 24:08 | Create | Archer |
| 24:08 | Create | Archer |
| 24:11 | Research | Castle Age |
| 24:19 | Create | Villager (Male) |
| 24:21 | Create | Villager (Male) |
| 24:21 | Create | Villager (Male) |
| 24:37 | Build | Lumber Camp |
| 24:58 | Create | Archer |
| 24:58 | Create | Archer |
| 24:59 | Create | Archer |
| 26:51 | Age | Castle Age |
| 27:07 | Research | Crossbowman (upgrade) |
| 27:12 | Research | Light Cavalry (upgrade) |
| 27:16 | Research | Husbandry |
| 27:20 | Create | Knight |
| 27:20 | Create | Knight |
| 27:21 | Create | Knight |
| 27:21 | Create | Knight |
| 27:21 | Create | Knight |
| 27:22 | Create | Knight |
| 27:22 | Create | Knight |
| 27:22 | Create | Knight |
| 27:23 | Create | Knight |
| 27:23 | Create | Knight |
| 28:04 | Build | Town Center |
| 28:18 | Research | Bow Saw |
| 28:33 | Build | Lumber Camp |
| 28:44 | Research | Town Watch |
| 28:58 | Create | Archer |
| 28:59 | Create | Archer |
| 28:59 | Create | Archer |
| 28:59 | Create | Archer |
| 28:59 | Create | Archer |
| 29:00 | Create | Archer |
| 29:00 | Create | Archer |
| 29:00 | Create | Archer |
Match timeline
| 9:45 | uwaga_boreczek · age_up feudal |
| 10:17 | uwaga_boreczek · first_building Barracks |
| 12:00 | Jez · age_up feudal |
| 15:38 | uwaga_boreczek · first_building Stable |
| 15:57 | Jez · first_building Barracks |
| 18:45 | uwaga_boreczek · first_market_buy 100 food |
| 19:00 | Jez · first_building Archery Range |
| 19:41 | uwaga_boreczek · first_building Archery Range |
| 20:15 | Jez · first_building Stable |
| 26:51 | uwaga_boreczek · age_up castle |
| 27:02 | Jez · age_up castle |
| 29:26 | uwaga_boreczek · first_building Castle |
| 33:38 | Jez · resign |
[ AI ANALYSIS · 1 CREDIT ]
What really happened in this match?
Wolo.gg analyzes every decision: build order, eco, micro, common mistakes by bracket. Personalized analysis on WhatsApp or Discord in 30 seconds.
Civ guide
Burgundians
Map guide
Arabia
Perfil
Jez